 Dungeon Sprint DCSS version 0.17-a0-1636-g3119f2b (webtiles) character file.

76765 Kidiri the Impregnable (level 15, 0/147 HPs)
             Began as a Minotaur Fighter on Aug 6, 2015.
             Was a High Priest of Okawaru.
             Killed by divine providence
             ... invoked by Khufu
              (15 damage)
             ... in the Dungeon (Sprint VII: "The Pits").
             The game lasted 00:43:11 (6908 turns).

Kidiri the Impregnable (Minotaur Fighter)           Turns: 6908, Time: 00:43:11

Health: 0/147      AC: 40    Str: 32    XL:     15   Next: 13%
Magic:  26/31      EV: 29    Int:  5    God:    Okawaru [*****.]
Gold:   20         SH: 34    Dex: 20    Spells: 0 memorised, 14 levels left

rFire  + + .     SeeInvis .     g - +1 war axe of Amorality {freeze, rC+ MP+9 Str+4}
rCold  + + .     Clarity  +     l - +2 gold dragon armour
rNeg   + . .     SustAt   .     d - +5 large shield {reflect}
rPois  +         Gourm    .     (helmet restricted)
rElec  .         Spirit   .     e - +1 cloak
rCorr  .         Warding  .     A - +1 pair of gloves {Str+3}
rMut   .         NoTele   +     c - +1 pair of boots {Stlth+}
MR     +....                    (no amulet)
Stlth  ..........               y - ring "Feax" {+Blink +Fly rF+ rN+}
                                f - +3 ring of dexterity

@: agile, heroism, finesse, very slightly contaminated, somewhat resistant to
hostile enchantments, extremely unstealthy
A: retaliatory headbutt, horns 2, talons 1, slimy green scales 1, clarity, spit
poison 1, subdued magic 2
a: Spit Poison, Heroism, Finesse, Renounce Religion, Evoke Blink, Evoke Flight


You were in the Dungeon.
You worshipped Okawaru.
Okawaru was extremely pleased with you.
You were not hungry.

You visited 1 branch You collected 20 gold pieces.

Inventory:

Hand weapons
 g - the +1 war axe of Amorality (weapon) {freeze, rC+ MP+9 Str+4}
   (Okawaru gifted it to you in the Dungeon)

   It has been specially enchanted to freeze those struck by it, causing extra
   injury to most foes and up to half again as much damage against particularly
   susceptible opponents.
   It can also slow down cold-blooded creatures.
   It affects your strength (+4).
   It protects you from cold.
   It affects your magic capacity (+9).
 E - the +1 hand axe "Cazosigh" {drain, +Rage Str+3}
   (Okawaru gifted it to you in the Dungeon)

   A truly terrible weapon, it drains the life of those it strikes.
   It affects your strength (+3).
   It lets you go berserk.
Armour
 c - a +1 pair of boots of stealth (worn)
 d - a +5 large shield of reflection (worn)
 e - a +1 cloak (worn)
 l - a +2 gold dragon armour (worn)
 A - a +1 pair of gloves of strength (worn)
Jewellery
 b - an uncursed ring of fire
 f - a +3 ring of dexterity (left hand)
 r - an uncursed ring of sustain attributes
 y - the ring "Feax" (right hand) {+Blink +Fly rF+ rN+}
   (You found it in the Dungeon)

   [ring of flight]

   It protects you from fire.
   It protects you from negative energy.
   It lets you fly.
   It lets you blink.
 D - an uncursed ring of ice
 I - the amulet of Cekugob {Ward -Tele rElec rPois rN++ AC+1 EV+1}
   (You found it in the Dungeon)

   [amulet of warding]

   It may prevent the melee attacks of summoned creatures.
   It affects your AC (+1).
   It affects your evasion (+1).
   It insulates you from electricity.
   It protects you from poison.
   It greatly protects you from negative energy.
   It prevents most forms of teleportation.
Scrolls
 o - 4 scrolls of remove curse
 p - 5 scrolls of amnesia
 q - a scroll of summoning
 C - 2 scrolls of identify
 F - 2 scrolls of recharging
Potions
 i - 4 potions of magic
 j - 3 potions of berserk rage
 n - 2 potions of invisibility
 u - 2 potions of cure mutation
 v - 3 potions of brilliance
 B - a potion of agility
Comestibles
 a - 40 fruits
 m - 3 meat rations
 t - 6 royal jellies


   Skills:
 + Level 17.4(22.4) Fighting
 * Level 23.0(27) Axes
 * Level 23.1(27) Armour
 + Level 18.4(23.4) Dodging
 * Level 23.0(27) Shields
 - Level 10.0 Invocations
 + Level 11.6 Evocations


You had 14 spell levels left.
You didn't know any spells.

Dungeon Overview and Level Annotations

Branches:
Dungeon (1/1)

Altars:
Ashenzari
Cheibriados
Dithmenos
Elyvilon
Fedhas
Gozag
Kikubaaqudgha
Makhleb
Nemelex Xobeh
Okawaru
Qazlal
Ru
Sif Muna
Trog
Vehumet
Xom
Yredelemnul
Zin
The Shining One
Beogh
Jiyva
Lugonu

Annotations:
D Khufu


Innate Abilities, Weirdness & Mutations

You reflexively headbutt those who attack you in melee.
You have a pair of horns on your head.
You have sharp toenails.
You are partially covered in slimy green scales (AC +2).
You possess an exceptional clarity of mind.
You can spit weak poison.
Your spells are easier to cast, but less powerful.


Message History

Something smites you!
* * * LOW HITPOINT WARNING * * *
You slash Khufu! You headbutt Khufu!
Khufu is severely damaged.
You hit Khufu. You freeze Khufu. You headbutt Khufu, but do no damage.
Khufu is severely damaged.
You slice Khufu!! You freeze Khufu. You headbutt Khufu.
Khufu is almost destroyed.
Khufu zaps a wand.
Khufu looks slightly unstable.
It is a wand of teleportation.
You barely miss Khufu.
Khufu is almost destroyed.
Your gold dragon armour prevents you from hitting Khufu.
You headbutt Khufu!
Khufu is almost destroyed.
You hit Khufu.
Khufu is almost destroyed.
Khufu points at you and mumbles some strange words.
Something smites you!
You die...

#..#############
#############...............
#__________##...............
#__________###########++####
#.#####+##############++####
#_#)))+.+..##..........§....
#_#)))#.#?(##......#..#.....
#######+#####ss.............
#......(..)@Mss.......).....
#+#####+#####s.....#).#.....
#.#..#).#..##.........).....
#.#..÷).#))#####+#####++####
#.#..####))##.......##++####
#.#.)#..#))##.......##..#...
#.#..#..#.[##.......##..##..
#.##+#..#+###...<...##..####
#.#.÷......##.......##..#..#


You could see Khufu and 5 emperor scorpions.

Vanquished Creatures
  A greater mummy (D)
  the Lernaean hydra (D)
  A profane servitor (D)
  A bone dragon (D)
  A deep elf blademaster (D)
  2 greater nagas (D)
  2 frost giants (D)
  3 ghost moths (D)
  3 orc warlords (D)
  A vampire knight (D)
  2 yellow draconians (D)
  2 death cobs (D)
  A deep elf death mage (D)
  An eidolon (D)
  A green death (D)
  2 vault guards (D)
  2 merfolk impalers (D)
  A yaktaur captain (D)
  A deep elf high priest (D)
  2 hydras (D)
  An ice dragon (D)
  An anaconda (D)
  5 naga warriors (D)
  An ogre mage (D)
  3 great orbs of eyes (D)
  A catoblepas (D)
  A hell beast (D)
  An alligator snapping turtle (D)
  A death yak (D)
  A death knight (D)
  2 hell hogs (D)
  2 skeletal warriors (D)
  A fire crab (D)
  A salamander mystic (D)
  An ice devil (D)
  2 deep elf knights (D)
  A spriggan druid (D)
  2 deep elf summoners (D)
  A lindwurm (D)
  10 orc knights (D)
  2 necromancers (D)
  A wizard (D)
  2 deep elf conjurers (D)
  2 hornets (D)
  2 manticores (D)
  A rust devil (D)
  2 wolf spiders (D)
  A black mamba (D)
  An eye of devastation (D)
  A molten gargoyle (D)
  2 kobold demonologists (D)
  A komodo dragon (D)
  A yaktaur (D)
  4 merfolk (D)
  A giant leech (D)
  A blue devil (D)
  2 trolls (D)
  2 two-headed ogres (D)
  A jumping spider (D)
  A polar bear (D)
  A wind drake (D)
  6 slime creatures (D)
  7 blink frogs (D)
  2 boulder beetles (D)
  A ynoxinul (D)
  5 redbacks (D)
  A deep elf fighter (D)
  A deep elf mage (D)
  2 trapdoor spiders (D)
  A tarantella (D)
  A vampire (D)
  A basilisk (D)
  A wraith (D)
  Grum (D)
  A hungry ghost (D)
  4 vampire mosquitoes (D)
  4 wolves (D)
  A steam dragon (D)
  3 nagas (D)
  8 insubstantial wisps (D)
  A warg (D)
  A porcupine (D)
  2 soldier ants (D)
  A swamp drake (D)
  2 eyes of draining (D)
  A centaur (D)
  3 orc warriors (D)
  A phantom (D)
  A black bear (D)
  3 ogres (D)
  2 necrophages (D)
  A crocodile (D)
  A big kobold (D)
  3 earth elementals (D)
  A small abomination (D)
  3 crimson imps (D)
  2 orc priests (D)
  2 orc wizards (D)
  2 mummies (D)
  A gnoll (D)
  A giant eyeball (D)
  2 adder skeletons (D)
  A worm (D)
  A giant gecko (D)
  4 orcs (D)
  A bat skeleton (D)
  A bat zombie (D)
  4 hobgoblins (D)
  7 jackals (D)
  2 kobolds (D)
  A bat (D)
  A giant cockroach zombie (D)
  2 giant gecko skeletons (D)
  A jackal skeleton (D)
  2 rats (D)
218 creatures vanquished.

Vanquished Creatures (others)
  A merfolk (D)
  A porcupine (D)
  A scorpion (D)
  An adder zombie (D)
  An adder simulacrum (D)
  A bat simulacrum (D)
  A quokka simulacrum (D)
7 creatures vanquished.

Grand Total: 225 creatures vanquished

Notes
Turn   | Place    | Note
--------------------------------------------------------------
     0 | D        | Kidiri the Minotaur Fighter began the quest for the Orb.
     0 | D        | Reached XP level 1. HP: 19/19 MP: 0/0
    24 | D        | Found a sacrificial altar of Ru.
    24 | D        | Found a basalt altar of Yredelemnul.
    24 | D        | Found a shadowy altar of Dithmenos.
    24 | D        | Found a deep blue altar of Sif Muna.
    24 | D        | Found a burning altar of Makhleb.
    24 | D        | Found a shimmering altar of Xom.
    24 | D        | Found an ancient bone altar of Kikubaaqudgha.
    24 | D        | Found a sparkling altar of Nemelex Xobeh.
    25 | D        | Found a glowing golden altar of the Shining One.
    25 | D        | Found a bloodstained altar of Trog.
    25 | D        | Found a shattered altar of Ashenzari.
    25 | D        | Found a white marble altar of Elyvilon.
    25 | D        | Found a snail-covered altar of Cheibriados.
    25 | D        | Found a blossoming altar of Fedhas.
    25 | D        | Found a radiant altar of Vehumet.
    25 | D        | Found a glowing silver altar of Zin.
    25 | D        | Found a corrupted altar of Lugonu.
    25 | D        | Found a viscous altar of Jiyva.
    25 | D        | Found a roughly hewn altar of Beogh.
    25 | D        | Found an iron altar of Okawaru.
    31 | D        | Found a stormy altar of Qazlal.
    32 | D        | Found an opulent altar of Gozag.
    34 | D        | Became a worshipper of Warmaster Okawaru
    92 | D        | Reached skill level 4 in Armour
   144 | D        | Reached skill level 1 in Dodging
   148 | D        | Reached XP level 2. HP: 27/27 MP: 1/1
   168 | D        | Paralysed by a giant eyeball for 2 turns
   172 | D        | Noticed a hungry ghost
   173 | D        | Reached skill level 1 in Invocations
   184 | D        | Killed a hungry ghost
   184 | D        | Acquired Okawaru's first power
   184 | D        | Reached skill level 5 in Fighting
   184 | D        | Reached skill level 6 in Axes
   184 | D        | Reached XP level 3. HP: 32/36 MP: 1/4
   184 | D        | Reached XP level 4. HP: 37/42 MP: 1/5
   184 | D        | Reached XP level 5. HP: 42/48 MP: 1/6
   185 | D        | Reached skill level 7 in Armour
   268 | D        | Noticed a necrophage
   268 | D        | Noticed a crimson imp
   269 | D        | Noticed an orc priest
   274 | D        | Killed an orc priest
   279 | D        | Noticed an orc priest
   283 | D        | Killed a necrophage
   283 | D        | Reached skill level 8 in Armour
   297 | D        | Killed an orc priest
   297 | D        | Reached XP level 6. HP: 29/57 MP: 7/7
   298 | D        | Noticed an orc wizard
   306 | D        | Killed an orc wizard
   330 | D        | Killed a crimson imp
   493 | D        | Noticed a black bear
   497 | D        | Killed a black bear
   497 | D        | Reached skill level 9 in Armour
   497 | D        | Reached skill level 5 in Dodging
   500 | D        | Noticed a boulder beetle
   788 | D        | Killed a boulder beetle
   788 | D        | Reached skill level 5 in Invocations
   788 | D        | Reached XP level 7. HP: 52/66 MP: 7/9
  1033 | D        | Noticed a necrophage
  1033 | D        | Noticed a crimson imp
  1033 | D        | Noticed a wolf
  1033 | D        | Noticed a crimson imp
  1035 | D        | Killed a crimson imp
  1038 | D        | Killed a wolf
  1038 | D        | Reached skill level 10 in Armour
  1038 | D        | Reached skill level 10 in Shields
  1042 | D        | Killed a crimson imp
  1051 | D        | Killed a necrophage
  1051 | D        | Reached skill level 10 in Axes
  1072 | D        | Noticed a porcupine
  1072 | D        | Noticed Grum
  1072 | D        | Noticed a wolf
  1072 | D        | Noticed a wolf
  1072 | D        | Noticed a wolf
  1077 | D        | Killed a porcupine
  1077 | D        | Reached XP level 8. HP: 71/74 MP: 11/11
  1082 | D        | Killed a wolf
  1088 | D        | Killed a wolf
  1088 | D        | Killed a wolf
  1088 | D        | Reached skill level 11 in Armour
  1094 | D        | Killed Grum
  1283 | D        | Noticed a blink frog
  1283 | D        | Noticed a blink frog
  1283 | D        | Noticed a blink frog
  1283 | D        | Noticed a blink frog
  1283 | D        | Noticed a warg
  1283 | D        | Noticed a basilisk
  1298 | D        | Killed a basilisk
  1298 | D        | Killed a warg
  1300 | D        | Killed a blink frog
  1308 | D        | Killed a blink frog
  1308 | D        | Reached skill level 12 in Armour
  1308 | D        | Reached XP level 9. HP: 58/83 MP: 11/13
  1311 | D        | Killed a blink frog
  1321 | D        | Killed a blink frog
  1487 | D        | Noticed a blue devil
  1487 | D        | Noticed a phantom
  1488 | D        | Noticed a great orb of eyes
  1488 | D        | Noticed a hornet
  1488 | D        | Noticed a swamp drake
  1490 | D        | Paralysed by a hornet for 4 turns
  1498 | D        | Killed a swamp drake
  1501 | D        | Killed a great orb of eyes
  1501 | D        | Received a gift from Okawaru
  1503 | D        | Killed a blue devil
  1503 | D        | Reached skill level 13 in Armour
  1506 | D        | Killed a phantom
  1511 | D        | Killed a hornet
  1511 | D        | Acquired Okawaru's second power
  1511 | D        | Reached skill level 10 in Fighting
  1511 | D        | Reached XP level 10. HP: 37/93 MP: 14/14
  1738 | D        | Noticed a crocodile
  1738 | D        | Noticed a vampire mosquito
  1738 | D        | Noticed a vampire mosquito
  1739 | D        | Noticed a tarantella
  1739 | D        | Noticed a four-headed hydra
  1739 | D        | Killed a crocodile
  1740 | D        | Noticed a vampire mosquito
  1741 | D        | Noticed a vampire mosquito
  1742 | D        | Noticed a redback
  1743 | D        | Noticed a redback
  1744 | D        | Noticed a redback
  1750 | D        | Noticed a redback
  1752 | D        | Noticed a redback
  1758 | D        | Killed a 14-headed hydra
  1760 | D        | Killed a vampire mosquito
  1761 | D        | Killed a vampire mosquito
  1762 | D        | Killed a redback
  1762 | D        | Received a gift from Okawaru
  1764 | D        | Killed a vampire mosquito
  1764 | D        | Reached skill level 14 in Armour
  1766 | D        | Killed a vampire mosquito
  1768 | D        | Noticed a giant leech
  1772 | D        | Killed a redback
  1773 | D        | Killed a redback
  1776 | D        | Killed a redback
  1780 | D        | Killed a tarantella
  1781 | D        | Killed a giant leech
  1784 | D        | Killed a redback
  1803 | D        | Got a fine ring mail {god gift}
  1814 | D        | Identified the +1 ring mail of the Stars {+Blink +Inv rElec} (Okawaru gifted it to you in the Dungeon)
  2016 | D        | Noticed a wind drake
  2017 | D        | Noticed a hornet
  2017 | D        | Noticed a steam dragon
  2025 | D        | Killed a hornet
  2042 | D        | Killed a steam dragon
  2042 | D        | Reached skill level 1 in Evocations
  2049 | D        | Killed a ghost moth
  2049 | D        | Reached XP level 11. HP: 51/102 MP: 0/16
  2051 | D        | Killed a wind drake
  2051 | D        | Reached skill level 15 in Armour
  2051 | D        | Reached skill level 15 in Shields
  2243 | D        | Noticed a kobold demonologist
  2245 | D        | Noticed a sun demon
  2254 | D        | Killed a kobold demonologist
  2254 | D        | Reached skill level 10 in Dodging
  2254 | D        | Killed a sun demon
  2259 | D        | Noticed a soldier ant
  2259 | D        | Noticed a komodo dragon
  2259 | D        | Noticed an anaconda
  2275 | D        | Killed a komodo dragon
  2276 | D        | Killed an anaconda
  2276 | D        | Reached skill level 15 in Axes
  2281 | D        | Killed a soldier ant
  2462 | D        | Noticed a ynoxinul
  2462 | D        | Noticed a black mamba
  2466 | D        | Killed a ynoxinul
  2469 | D        | Killed a black mamba
  2514 | D        | Noticed a death cob
  2514 | D        | Noticed a lindwurm
  2514 | D        | Noticed a merfolk
  2514 | D        | Noticed a scorpion
  2514 | D        | Noticed a polar bear
  2514 | D        | Noticed a boulder beetle
  2515 | D        | Noticed a death yak
  2515 | D        | Noticed a merfolk
  2519 | D        | Noticed a merfolk impaler
  2520 | D        | Noticed a soldier ant
  2520 | D        | Killed a porcupine
  2526 | D        | Killed a scorpion
  2529 | D        | Killed a death cob
  2529 | D        | Received a gift from Okawaru
  2534 | D        | Killed a lindwurm
  2540 | D        | Killed a merfolk impaler
  2557 | D        | Killed a boulder beetle
  2561 | D        | Killed a polar bear
  2561 | D        | Reached skill level 16 in Armour
  2570 | D        | Killed a death yak
  2570 | D        | Reached skill level 10 in Invocations
  2570 | D        | Killed a merfolk
  2577 | D        | Killed a soldier ant
  2600 | D        | Killed a merfolk
  2621 | D        | Noticed a trapdoor spider
  2630 | D        | Killed a trapdoor spider
  2916 | D        | Gained mutation: You are partially covered in slimy green scales (AC +2). [potion of beneficial mutation]
  2999 | D        | Noticed a troll
  2999 | D        | Noticed a big kobold
  3005 | D        | Killed a troll
  3005 | D        | Received a gift from Okawaru
  3008 | D        | Killed a big kobold
  3009 | D        | Got a polished ring mail {god gift}
  3020 | D        | Identified the +4 ring mail "Wumoem" {Regen+ rCorr Str-4 Stlth+} (Okawaru gifted it to you in the Dungeon)
  3039 | D        | Noticed a molten gargoyle
  3039 | D        | Noticed a deep elf summoner
  3039 | D        | Noticed a two-headed ogre
  3044 | D        | Killed a two-headed ogre
  3046 | D        | Killed a molten gargoyle
  3057 | D        | Killed a deep elf summoner
  3103 | D        | Noticed a small abomination
  3105 | D        | Noticed a wizard
  3107 | D        | Killed a small abomination
  3114 | D        | Killed a wizard
  3126 | D        | Noticed a deep elf death mage
  3136 | D        | Killed a deep elf death mage
  3141 | D        | Killed a ghostly deep elf death mage
  3141 | D        | Reached skill level 5 in Evocations
  3141 | D        | Reached XP level 12. HP: 88/113 MP: 14/18
  3148 | D        | Noticed a trapdoor spider
  3151 | D        | Killed a trapdoor spider
  3238 | D        | Noticed a manticore
  3238 | D        | Noticed a death cob
  3238 | D        | Noticed a centaur
  3245 | D        | Killed a manticore
  3252 | D        | Killed a centaur
  3255 | D        | Killed a death cob
  3255 | D        | Reached skill level 17 in Armour
  3280 | D        | Noticed a greater mummy
  3284 | D        | Noticed an emperor scorpion
  3284 | D        | Noticed an emperor scorpion
  3284 | D        | Noticed an emperor scorpion
  3298 | D        | Killed a greater mummy
  3732 | D        | Noticed a deep elf conjurer
  3732 | D        | Noticed a wolf spider
  3732 | D        | Noticed a blink frog
  3732 | D        | Noticed a blink frog
  3733 | D        | Noticed a jumping spider
  3733 | D        | Noticed an alligator snapping turtle
  3736 | D        | Noticed a deep elf conjurer
  3738 | D        | Killed a wolf spider
  3740 | D        | Noticed a blink frog
  3740 | D        | Killed a jumping spider
  3742 | D        | Noticed a kobold demonologist
  3742 | D        | Killed a blink frog
  3743 | D        | Killed a blink frog
  3744 | D        | Killed a blink frog
  3744 | D        | Reached skill level 18 in Armour
  3748 | D        | Killed a deep elf conjurer
  3751 | D        | Noticed a wolf spider
  3762 | D        | Noticed a deep elf fighter
  3765 | D        | Killed a ghost moth
  3765 | D        | Received a gift from Okawaru
  3767 | D        | Noticed a greater naga
  3768 | D        | Killed a deep elf fighter
  3769 | D        | Killed a wolf spider
  3772 | D        | Killed a kobold demonologist
  3774 | D        | Noticed a deep elf mage
  3775 | D        | Killed a deep elf mage
  3786 | D        | Noticed a necromancer
  3802 | D        | Killed an alligator snapping turtle
  3802 | D        | Received a gift from Okawaru
  3803 | D        | Got a slimy hand axe {god gift}
  3804 | D        | Identified the +1 hand axe "Cazosigh" {drain, +Rage Str+3} (Okawaru gifted it to you in the Dungeon)
  3807 | D        | Noticed a seven-headed hydra
  3815 | D        | Noticed a frost giant
  3820 | D        | Killed a greater naga
  3820 | D        | Reached XP level 13. HP: 58/124 MP: 4/19
  3825 | D        | Killed a necromancer
  3846 | D        | Killed a frost giant
  3846 | D        | Reached skill level 15 in Dodging
  3855 | D        | Killed a 20-headed hydra
  3860 | D        | Killed a deep elf conjurer
  3868 | D        | Noticed a manticore
  3881 | D        | Killed a manticore
  3881 | D        | Reached skill level 19 in Armour
  3896 | D        | Gained mutation: You are frail (-10% HP). [mutagenic meat]
  3897 | D        | Gained mutation: You possess an exceptional clarity of mind. [mutagenic meat]
  3898 | D        | Gained mutation: You can spit weak poison. [mutagenic meat]
  3899 | D        | Gained mutation: Your spells are a little easier to cast, but a little less powerful. [mutagenic meat]
  3905 | D        | Noticed an eye of devastation
  3914 | D        | Killed an eye of devastation
  4273 | D        | Noticed an insubstantial wisp
  4284 | D        | Killed an insubstantial wisp
  4287 | D        | Noticed an insubstantial wisp
  4303 | D        | Noticed an earth elemental
  4304 | D        | Killed an insubstantial wisp
  4312 | D        | Killed an earth elemental
  4313 | D        | Noticed an insubstantial wisp
  4319 | D        | Killed an insubstantial wisp
  4320 | D        | Noticed a deep elf summoner
  4321 | D        | Noticed a wraith
  4324 | D        | Noticed a great orb of eyes
  4336 | D        | Killed a great orb of eyes
  4342 | D        | Killed a wraith
  4350 | D        | Killed a deep elf summoner
  4584 | D        | Noticed a yaktaur
  4584 | D        | Noticed a spriggan druid
  4584 | D        | Noticed an orc warlord
  4584 | D        | Noticed an orc warrior
  4584 | D        | Noticed an orc warrior
  4584 | D        | Noticed an orc warrior
  4584 | D        | Noticed a troll
  4593 | D        | Killed a yaktaur
  4593 | D        | Killed a spriggan druid
  4593 | D        | Received a gift from Okawaru
  4598 | D        | Killed an orc warrior
  4606 | D        | Killed a troll
  4608 | D        | Killed an orc warrior
  4609 | D        | Killed an orc warrior
  4613 | D        | Killed an orc warlord
  4616 | D        | Got a shimmering crystal plate armour {god gift}
  4627 | D        | Identified the +2 crystal plate armour of Vedaec {Int+3} (Okawaru gifted it to you in the Dungeon)
  4656 | D        | Got the ring "Feax" {+Blink +Fly rF+ rN+}
  4760 | D        | Noticed an ice devil
  4760 | D        | Noticed an orc knight
  4760 | D        | Noticed an orc knight
  4760 | D        | Noticed an orc knight
  4760 | D        | Noticed an orc knight
  4760 | D        | Noticed an orc knight
  4761 | D        | Noticed an orc knight
  4761 | D        | Noticed an orc warlord
  4761 | D        | Noticed an orc warlord
  4761 | D        | Noticed a fire crab
  4761 | D        | Noticed an orc knight
  4762 | D        | Noticed an orc knight
  4780 | D        | Killed a fire crab
  4792 | D        | Killed an ice devil
  4796 | D        | Killed an orc warlord
  4798 | D        | Killed an orc knight
  4803 | D        | Killed an orc knight
  4804 | D        | Killed an orc knight
  4806 | D        | Killed an orc knight
  4806 | D        | Reached skill level 15 in Fighting
  4809 | D        | Killed an orc knight
  4809 | D        | Reached skill level 20 in Armour
  4811 | D        | Killed an orc warlord
  4812 | D        | Killed an orc knight
  4812 | D        | Killed an orc knight
  4817 | D        | Killed an orc knight
  5018 | D        | Noticed a naga warrior
  5020 | D        | Noticed a deep elf knight
  5021 | D        | Noticed a naga warrior
  5029 | D        | Killed a naga warrior
  5030 | D        | Noticed a vault guard
  5031 | D        | Noticed a rust devil
  5032 | D        | Killed a deep elf knight
  5032 | D        | Received a gift from Okawaru
  5036 | D        | Noticed an orc knight
  5049 | D        | Noticed an eye of draining
  5050 | D        | Killed a vault guard
  5050 | D        | Killed a naga warrior
  5053 | D        | Killed a rust devil
  5062 | D        | Killed an eye of draining
  5075 | D        | Killed an orc knight
  5191 | D        | Noticed a naga warrior
  5196 | D        | Noticed a naga warrior
  5206 | D        | Killed a naga warrior
  5206 | D        | Reached XP level 14. HP: 121/121 MP: 13/20
  5207 | D        | Noticed a deep elf knight
  5207 | D        | Noticed a vault guard
  5208 | D        | Noticed an orc knight
  5217 | D        | Killed a naga warrior
  5226 | D        | Killed an orc knight
  5229 | D        | Killed a vault guard
  5236 | D        | Killed a deep elf knight
  5505 | D        | Noticed an insubstantial wisp
  5505 | D        | Noticed an insubstantial wisp
  5505 | D        | Noticed an insubstantial wisp
  5505 | D        | Noticed a necromancer
  5505 | D        | Noticed an ogre
  5506 | D        | Noticed an insubstantial wisp
  5506 | D        | Noticed a yellow draconian
  5507 | D        | Noticed an ogre mage
  5507 | D        | Noticed a two-headed ogre
  5509 | D        | Noticed an ogre
  5512 | D        | Killed a necromancer
  5514 | D        | Killed an ogre
  5516 | D        | Killed an insubstantial wisp
  5517 | D        | Noticed an insubstantial wisp
  5517 | D        | Noticed an ogre
  5519 | D        | Killed an insubstantial wisp
  5522 | D        | Noticed a naga
  5523 | D        | Killed an insubstantial wisp
  5525 | D        | Killed a yellow draconian
  5525 | D        | Reached skill level 21 in Armour
  5527 | D        | Killed a two-headed ogre
  5530 | D        | Killed an ogre
  5531 | D        | Killed an insubstantial wisp
  5533 | D        | Noticed an eye of draining
  5535 | D        | Killed an ogre
  5536 | D        | Killed a naga
  5536 | D        | Killed an ogre mage
  5537 | D        | Killed an insubstantial wisp
  5538 | D        | Noticed a profane servitor
  5539 | D        | Noticed an earth elemental
  5539 | D        | Noticed a hell hog
  5541 | D        | Noticed a naga
  5553 | D        | Noticed a salamander mystic
  5554 | D        | Noticed a naga
  5559 | D        | Noticed a naga warrior
  5563 | D        | Killed a hell hog
  5567 | D        | Killed a ghost moth
  5567 | D        | Reached skill level 10 in Evocations
  5572 | D        | Noticed an earth elemental
  5573 | D        | Killed a naga
  5580 | D        | Killed a profane servitor
  5581 | D        | Killed an eye of draining
  5591 | D        | Killed a naga warrior
  5593 | D        | Noticed a death knight
  5593 | D        | Noticed a skeletal warrior
  5593 | D        | Noticed a catoblepas
  5593 | D        | Noticed a hell hog
  5594 | D        | Killed an earth elemental
  5599 | D        | Noticed a greater naga
  5606 | D        | Killed a salamander mystic
  5614 | D        | Noticed a bone dragon
  5615 | D        | Killed a hell hog
  5616 | D        | Killed a catoblepas
  5620 | D        | Noticed a vampire
  5620 | D        | Killed an earth elemental
  5626 | D        | Killed a skeletal warrior
  5633 | D        | Killed a death knight
  5641 | D        | Killed a greater naga
  5641 | D        | Received a gift from Okawaru
  5658 | D        | Killed a vampire
  5673 | D        | Killed a naga
  5712 | D        | Killed a bone dragon
  5712 | D        | Reached skill level 22 in Axes
  5742 | D        | Lost mutation: You are frail (-10% HP). [mutagenic meat]
  5749 | D        | Gained mutation: Your spells are easier to cast, but less powerful. [mutagenic meat]
  5750 | D        | Gained mutation: You have sharp toenails. [mutagenic meat]
  5751 | D        | Noticed a frost giant
  5753 | D        | Noticed a skeletal warrior
  5755 | D        | Noticed a merfolk
  5756 | D        | Noticed a deep elf blademaster
  5757 | D        | Noticed a merfolk
  5758 | D        | Noticed a merfolk impaler
  5761 | D        | Noticed a vampire knight
  5763 | D        | Killed a frost giant
  5764 | D        | Noticed a skeletal warrior
  5764 | D        | Noticed a merfolk
  5764 | D        | Noticed an ice dragon
  5774 | D        | Noticed a fire elemental
  5805 | D        | Killed a deep elf blademaster
  5827 | D        | Killed a merfolk
  5872 | D        | Killed a vampire knight
  6304 | D        | Killed a merfolk
  6317 | D        | Killed a merfolk
  6322 | D        | Killed a merfolk impaler
  6516 | D        | Killed an ice dragon
  6692 | D        | Noticed a slime creature
  6696 | D        | Noticed a slime creature
  6697 | D        | Noticed a hell beast
  6697 | D        | Noticed a slime creature
  6698 | D        | Noticed a slime creature
  6699 | D        | Noticed an eidolon
  6699 | D        | Noticed a great orb of eyes
  6699 | D        | Noticed a deep elf high priest
  6699 | D        | Noticed a green death
  6699 | D        | Noticed a slime creature
  6701 | D        | Noticed a greater mummy
  6701 | D        | Noticed a slime creature
  6702 | D        | Noticed a slime creature
  6702 | D        | Noticed a slime creature
  6704 | D        | Killed a slime creature
  6706 | D        | Killed a slime creature
  6706 | D        | Received a gift from Okawaru
  6711 | D        | Noticed a yellow draconian
  6711 | D        | Killed a slime creature
  6714 | D        | Noticed a yaktaur captain
  6714 | D        | Killed a hell beast
  6718 | D        | Noticed an orc wizard
  6718 | D        | Killed a great orb of eyes
  6719 | D        | Noticed a slime creature
  6719 | D        | Killed a slime creature
  6720 | D        | Noticed an iron troll
  6721 | D        | Noticed a frost giant
  6724 | D        | Killed a deep elf high priest
  6725 | D        | Noticed Khufu
  6727 | D        | Noticed a slime creature
  6732 | D        | Killed an enormous slime creature
  6732 | D        | Reached XP level 15. HP: 65/147 MP: 16/22
  6734 | D        | Noticed the 27-headed Lernaean hydra
  6737 | D        | Killed a yellow draconian
  6742 | D        | Noticed a slime creature
  6779 | D        | Killed the 26-headed Lernaean hydra
  6784 | D        | Killed a green death
  6784 | D        | Reached skill level 23 in Armour
  6790 | D        | Killed an eidolon
  6795 | D        | Killed a yaktaur captain
  6795 | D        | Received a gift from Okawaru
  6803 | D        | Killed a slime creature
  6804 | D        | Got a warped war axe {god gift}
  6805 | D        | Identified the +1 war axe of Amorality {freeze, rC+ MP+9 Str+4} (Okawaru gifted it to you in the Dungeon)
  6822 | D        | Killed an orc wizard
  6823 | D        | Killed a skeletal warrior
  6908 | D        | Killed from afar by Khufu

Vault maps used:
D:        pitsprint

Action                   |  1- 3 |  4- 6 |  7- 9 | 10-12 | 13-15 || total
-------------------------+-------+-------+-------+-------+-------++-------
Melee: Hand axe          |    32 |    68 |    37 |    13 |   638 ||   788
       War axe           |     1 |       |       |       |    39 ||    40
       Broad axe         |       |       |    37 |   296 |       ||   333
Invok: Heroism           |       |     2 |     2 |     9 |    10 ||    23
       Finesse           |       |       |       |     7 |     8 ||    15
  Use: Potion            |     1 |     1 |     3 |    13 |    14 ||    32
       Scroll            |       |       |       |       |     8 ||     8
 Stab: Confused          |       |       |     2 |       |       ||     2
       Sleeping          |       |       |       |     1 |       ||     1
  Eat: Meat ration       |       |     1 |       |     2 |     1 ||     4
       Chunk             |       |       |       |     3 |    13 ||    16
